 Dungeon Crawl Stone Soup version 0.28.0-45-g0d030f2227 (webtiles) character file.

Game seed: 8260202946050416967

252 pkoi the Conjurer (level 5, -10/38 HPs)
             Began as a Demigod Conjurer on Apr 15, 2022.
             Killed by divine providence
             ... invoked by an orc priest
              (13 damage)
             ... on level 3 of the Dungeon.
             The game lasted 00:03:14 (3596 turns).

pkoi the Conjurer (Demigod Conjurer)                Turns: 3596, Time: 00:03:15

Health: -10/38     AC:  4    Str:  4    XL:     5   Next: 58%
Magic:  6/12       EV: 12    Int: 24    God:
Gold:   75         SH:  0    Dex: 12    Spells: 3/10 levels left

rFire   . . .      SeeInvis .   f - +3 dagger (freeze)
rCold   . . .      Faith    .   (no shield)
rNeg    . . .      Spirit   .   a - +0 robe
rPois   .          Reflect  .   k - +0 helmet
rElec   .          Harm     .   (no cloak)
rCorr   .          Rampage  .   (no gloves)
Will    .....                   i - +0 pair of boots
Stlth   ++........              (no amulet)
HPRegen 0.12/turn               (no ring)
MPRegen 0.13/turn               (no ring)

@: mighty, brilliant, invisible
A: high MP 1, forlorn, divine attributes, weak 2
a: no special abilities


You were on level 3 of the Dungeon.
You visited 1 branch of the dungeon, and saw 3 of its levels.

You collected 75 gold pieces.

Inventory:

Hand Weapons
 d - a +0 whip
 f - a +3 dagger of freezing (weapon)
 h - a +2 dagger of distortion
 o - a +2 vorpal hand axe
Armour
 a - a +0 robe (worn)
 i - a +0 pair of boots (worn)
 k - a +0 helmet (worn)
Magical Staves
 g - a staff of death
Jewellery
 p - a +4 ring of protection
Potions
 c - 2 potions of might
 l - a potion of curing {unknown}


   Skills:
 - Level 1.7 Dodging
 - Level 1.7 Stealth
 + Level 3.3 Spellcasting
 + Level 5.7 Conjurations
 + Level 0.3 Translocations


You had 3 spell levels left.
You knew the following spells:

 Your Spells              Type           Power      Damage    Failure   Level
a - Magic Dart            Conj           100%       1d8       1%          1
b - Searing Ray           Conj           94%        2d7       1%          2
c - Iskenderun's Mystic   Conj/Tloc      27%        2d7       30%         4

Your spell library contained the following spells:

 Spells                   Type           Power      Damage    Failure   Level
 Dazzling Flash           Conj/Hex       52%        N/A       10%         3
 Fulminant Prism          Conj/Hex       13%        3d9       32%         4


Dungeon Overview and Level Annotations

Branches:
Dungeon (3/15)


Innate Abilities, Weirdness & Mutations

You have an increased reservoir of magic. (+10% MP)
You shall have no god before yourself.
Your divine heritage dramatically boosts your attributes as you level up.
You are very weak. (Str -4)


Message History

The orc priest invokes the aid of Beogh against you.
Beogh smites you!
* * * LOW HITPOINT WARNING * * *
You are too injured to fight recklessly!
The orc priest invokes the aid of Beogh against you.
Beogh smites you!
* * * LOW HITPOINT WARNING * * *
Casting: Magic Dart (safe; 1% risk of failure)
Confirm with . or Enter, or press ? or * to list all spells.
Aiming: Searing Ray (safe; 1% risk of failure)
Press: ? - help, Shift-Dir - straight line, f/p - orc priest
Aim: an orc priest, wielding a staff of cold and wearing a +0 chain mail (85% to hit)
The searing ray hits the orc priest.
The orc priest is lightly wounded. (Press . to maintain the ray.)
The searing ray hits the orc priest but does no damage.
The orc priest is lightly wounded.
The orc priest mumbles some strange prayers to Beogh against you.
Pain shoots through your body!
* * * LOW HITPOINT WARNING * * *
The searing ray misses the orc priest.
The searing ray hits the orc priest but does no damage.
The orc priest is lightly wounded.
You finish channelling your searing ray.
The orc priest mumbles some strange prayers to Beogh against you.
Pain shoots through your body!
* * * LOW HITPOINT WARNING * * *
Unknown command.
It was a potion of might.
You feel very mighty all of a sudden.
It was a potion of mutation.
You feel extremely strange.
You feel weaker. x2
It was a potion of invisibility.
You fade into invisibility!
The orc priest misses you.
It was a potion of brilliance.
You feel clever all of a sudden.
The orc priest mumbles some strange prayers to Beogh against you.
Beogh smites you!
You die...

######### ***** # #.......#
*,,,* # #.#####.#***,,,***
#########.#####.##.,,,,,,*
....†)..)..........,,,,,,*
.†..........###.##,,,,,.,**
#######.#.#.###.####....,,*
#.#.#.†...@o......*,*
#.#.#####.####....,,*
******#.#.#***#.#****,*#,**
*,,,,,.....,,,...,,,*,**,*
*,****#.###**#####*,*,**,*
*,** *,* *,*,**,* ,,,****,*
******,*,**,* ,,,,,,,,*
*,,,,,,,,**,***** ,,,******
*,****,****,,,,,*


You could see an orc priest.

Vanquished Creatures
  Sigmund (D:3)
  A hound skeleton (D:2)
  2 adders
  A worm (D:2)
  2 orcs (D:3)
  3 ball pythons
  6 bats
  5 endoplasms
  3 giant cockroaches
  7 goblins
  7 hobgoblins
  5 quokkas
  5 frilled lizards (D:1)
  5 kobolds
  4 rats
57 creatures vanquished.

Notes
Turn   | Place    | Note
-------+----------+-------------------------------------------
     0 | D:1      | pkoi the Demigod Conjurer began the quest for the Orb.
     0 | D:1      | Reached XP level 1. HP: 14/14 MP: 5/5
   324 | D:1      | Reached XP level 2. HP: 20/20 MP: 1/7
   409 | D:1      | Reached skill level 4 in Conjurations
  2141 | D:2      | Reached XP level 3. HP: 26/26 MP: 5/9
  2514 | D:2      | Learned a level 2 spell: Searing Ray
  3069 | D:3      | Noticed Sigmund
  3074 | D:3      | Killed Sigmund
  3075 | D:3      | Reached skill level 5 in Conjurations
  3075 | D:3      | Reached XP level 4. HP: 33/33 MP: 3/11
  3075 | D:3      | Reached XP level 5. HP: 38/38 MP: 3/12
  3207 | D:3      | Learned a level 4 spell: Iskenderun's Mystic Blast
  3594 | D:3      | Gained mutation: You are weak. (Str -2) [potion of
                  | mutation]
  3594 | D:3      | Gained mutation: You are very weak. (Str -4) [potion of
                  | mutation]
  3596 | D:3      | Killed from afar by an orc priest

Illustrated notes

Levels and vault maps discovered:
D:1:      dpeg_arrival_pits, layout_loops_corners, basic_ecumenical_altar,
          serial_glass, glass_columns_a, glass_columns_a, glass_columns_c,
          glass_columns_a, glass_columns_c, item_on_display_a, feat_on_display
D:2:      layout_basic
D:3:      layout_loops_ring, kennysheep_generic_room_7, uniq_sigmund

Skill      XL: |  1  2  3 |
---------------+----------+-----
Spellcasting   | 2 3 |  3.3
Conjurations   | 4 5 |  5.7
Dodging        | |  1.7
Stealth        | |  1.7
Translocations | |  0.3

Action                   |  1- 3 |  4- 6 || total
-------------------------+-------+-------++-------
Melee: Dagger            |     7 |       ||     7
 Cast: Magic Dart        |    83 |    25 ||   108
       Searing Ray       |     1 |     1 ||     2
  Use: Scroll            |       |     4 ||     4
       Potion            |       |     4 ||     4
Armor: Robe              |     5 |       ||     5
Dodge: Dodged            |    16 |     2 ||    18
